 Dungeon Crawl Stone Soup version 0.27-a0-604-g29a88b33a7 (webtiles) character file.

Game seed: 16806407310961489266

75 sahdkjhfkaj the Slasher (level 4, -1/36 HPs)
             Began as a Barachi Fighter on Mar 13, 2021.
             Slain by a jackal (3 damage)
             ... on level 2 of the Dungeon.
             The game lasted 00:01:35 (1664 turns).

sahdkjhfkaj the Slasher (Barachi Fighter)           Turns: 1664, Time: 00:01:36

Health: -1/36      AC:  6    Str: 19    XL:     4   Next: 31%
Magic:  4/4        EV:  7    Int:  8    God:
Gold:   85         SH:  9    Dex: 11    Spells: 3/3 levels left

rFire    . . .     SeeInvis .   a - +0 long sword
rCold    . . .     Faith    .   c - +0 kite shield
rNeg     . . .     Spirit   .   q - +0 scale mail
rPois    .         Reflect  .   (no helmet)
rElec    .         Harm     .   (no cloak)
rCorr    .         Rampage  .   (no gloves)
Will     .....                  (no boots)
Stlth    ..........             (no amulet)
HPRegen  0.12/turn              (no ring)
MPRegen  0.09/turn              (no ring)

@: slow
A: +LOS, amphibious, slowness 1, strong legs 1
a: Hop


You were on level 2 of the Dungeon.
You visited 1 branch of the dungeon, and saw 2 of its levels.

You collected 85 gold pieces.

Inventory:

Hand Weapons
 a - a +0 long sword (weapon)
 b - a +0 vampiric short sword
Armour
 c - a +0 kite shield (worn)
 q - a +0 scale mail (worn)
Scrolls
 e - 3 scrolls of teleportation {unknown}
 f - a scroll of blinking {unknown}
 h - 2 scrolls of magic mapping {unknown}
 j - a scroll of amnesia {unknown}
 k - a scroll of enchant weapon {unknown}
 n - a scroll of immolation {unknown}
Potions
 d - a potion of might
 g - a potion of curing {unknown}
 i - a potion of heal wounds {unknown}
 l - a potion of berserk rage {unknown}
 m - a potion of flight {unknown}
 o - 2 potions of cancellation {unknown}
 p - a potion of degeneration {unknown}


   Skills:
 - Level 3.6 Fighting
 + Level 5.4 Long Blades
 - Level 3.6 Armour
 - Level 3.2 Shields


You had 3 spell levels left.
You didn't know any spells.
Your spell library was empty.

Dungeon Overview and Level Annotations

Branches:
Dungeon (2/15)

Altars:


Innate Abilities, Weirdness & Mutations

You can be seen from farther away. (+LOS)
You are amphibious.
You cover ground slowly.
You can hop short distances.


Message History

The hound bites you but does no damage. The jackal completely misses you.
You riposte.
You hit the jackal but do no damage. The hound barely misses you.
You block the bat's attack.
Unknown command.
You slash the hound!
You kill the hound!
You block the bat's attack. x2
The jackal bites you but does no damage.
The jackal bites you.
* * * LOW HITPOINT WARNING * * *
The bat closely misses you.
You riposte.
Your shield and scale mail prevent you from hitting the bat.
The jackal bites you but does no damage.
Your Long Blades skill increases to level 5!
You have reached level 4!
You feel stronger.
Unknown command.
Unknown command.
You slash the jackal!
You kill the jackal!
You block the bat's attack. The jackal bites you.
* * * LOW HITPOINT WARNING * * *
The jackal bites you but does no damage.
The bat barely misses you.
You barely miss the bat. You block the bat's attack.
The bat hits you but does no damage. The jackal bites you.
* * * LOW HITPOINT WARNING * * *
You block the bat's attack.
The jackal bites you but does no damage.
Unknown command.
You closely miss the bat. You block the bat's attack. x2
The jackal bites you but does no damage.
The jackal bites you.
* * * LOW HITPOINT WARNING * * *
The bat barely misses you.
The scorpion stings you but does no damage.
Unknown command.
You closely miss the scorpion. You block the bat's attack.
The bat hits you but does no damage. The jackal bites you.
You die...

....... ....c.. #
.....#. #. .......
... ....#.. ....
...... ....# . .....
.......# ...... ....
#?......# .......
#..### #..$....
...##.. #.b@##
#.....$$
###sh#######......
##hl.$.##.....##
#.K............##
#.................#
#...................#
####................#
..................#
###................#


You could see a scorpion, 2 jackals, a bat, a kobold and a frilled lizard.

Vanquished Creatures
  A hound (D:2)
  A gnoll (D:1)
  2 adders (D:1)
  An ooze (D:1)
  2 giant cockroaches
  2 jackals (D:2)
  2 bats (D:1)
  4 frilled lizards
  A kobold (D:1)
  A rat (D:1)
17 creatures vanquished.

Notes
Turn   | Place    | Note
-------+----------+-------------------------------------------
     0 | D:1      | sahdkjhfkaj the Barachi Fighter began the quest for the
                  | Orb.
     0 | D:1      | Reached XP level 1. HP: 18/18 MP: 1/1
   102 | D:1      | Reached skill level 3 in Long Blades
   200 | D:1      | Reached XP level 2. HP: 24/24 MP: 2/2
   800 | D:1      | Reached skill level 4 in Long Blades
   800 | D:1      | Reached XP level 3. HP: 15/29 MP: 3/3
  1190 | D:2      | Noticed a centaur
  1645 | D:2      | Noticed a scorpion
  1661 | D:2      | Reached skill level 5 in Long Blades
  1661 | D:2      | Reached XP level 4. HP: 6/36 MP: 4/4
  1664 | D:2      | Slain by a jackal

Illustrated notes

Levels and vault maps discovered:
D:1:      dpeg_arrival_radiant, layout_loops_ring
D:2:      layout_rooms, uniq_jessica

Skill      XL: |  1  2  3 |
---------------+----------+-----
Long Blades    | 3 4 5 |  5.4
Fighting       | |  3.6
Armour         | |  3.6
Shields        | |  3.2

Action                   |  1- 3 |  4- 6 || total
-------------------------+-------+-------++-------
Melee: Long sword        |    47 |     4 ||    51
       Short sword       |     5 |       ||     5
Armor: Scale mail        |    69 |     6 ||    75
Dodge: Dodged            |    50 |     2 ||    52
Block: Kite shield       |    68 |     6 ||    74
       Rpst.: Long sword |    12 |       ||    12

Table legend: (Time is in decaauts)
 A = Elapsed time spent in this place.
 B = Non-inter-level travel time spent in this place.
 C = Inter-level travel time spent in this place.
 D = Time resting spent in this place.
 E = Time spent auto-exploring this place.
 F = Levels seen in this place.
 G = Mean time per level.
                   A        B        C        D        E       F      G
               +--------+--------+--------+--------+--------+-----+--------+
         Total |   1829 |   1759 |     70 |      0 |   1596 |   2 |  914.5 |
       Dungeon |   1829 |   1759 |     70 |      0 |   1596 |   2 |  914.5 |
               +--------+--------+--------+--------+--------+-----+--------+

Top non-repeatable levels by time:
     D:1: 1772 daAuts
     D:2: 57 daAuts
